 Dungeon Crawl Stone Soup version 0.25-a0-366-g516bc45ae0 (webtiles) character file.

Game seed: 6070211502595399165, levelgen mode: deterministic

1369 Napalmbreeze the Cudgeler (level 8, -3/53 HPs)
             Began as a Gargoyle Fighter on Jan 6, 2020.
             Was a Follower of Okawaru.
             Killed from afar by a steam dragon (11 damage)
             ... with a ball of steam
             ... on level 6 of the Dungeon.
             The game lasted 00:08:31 (5128 turns).

Napalmbreeze the Cudgeler (Gargoyle Fighter)        Turns: 5128, Time: 00:08:32

Health: -3/53      AC: 14    Str: 20 (22) XL:     8   Next: 65%
Magic:  19/20      EV: 10    Int:  7 (9)  God:    Okawaru [*.....]
Gold:   210        SH: 13    Dex:  7 (9)  Spells: 7/7 levels left

rFire    . . .     SeeInvis .   v - +0 whip (elec)
rCold    + . .     Gourm    .   c - +0 shield
rNeg     + . .     Faith    .   s - +0 scale mail {rC+}
rPois    ∞         Spirit   .   (no helmet)
rElec    +         Reflect  +   l - scarf {cloud immunity}
rCorr    .         Harm     .   (no gloves)
MR       .....                  (no boots)
Stlth    +.........             n - +2 amulet of reflection
HPRegen  0.17/turn              u - ring of magical power
MPRegen  0.17/turn              (no ring)

@: heroism
A: negative energy resistance 1, electricity resistance, unbreathing,
petrification resistance, rot immunity, AC +5
a: Heroism, Renounce Religion


You were on level 6 of the Dungeon.
You worshipped Okawaru.
Okawaru was aware of your devotion.
You were not hungry.

You visited 1 branch of the dungeon, and saw 6 of its levels.

You collected 210 gold pieces.

Inventory:

Hand Weapons
 a - a +0 flail
 v - a +0 whip of electrocution (weapon)
Armour
 c - a +0 shield (worn)
 l - a scarf of cloud immunity (worn)
 s - a +0 scale mail of cold resistance (worn)
Jewellery
 n - a +2 amulet of reflection (around neck)
 u - a ring of magical power (left hand)
Scrolls
 b - a scroll of fog {unknown}
 e - 8 scrolls of identify {unknown}
 k - 4 scrolls of remove curse {unknown}
 m - a scroll of teleportation {unknown}
 q - 2 scrolls of blinking {unknown}
 t - a scroll of enchant weapon {unknown}
 w - a scroll of magic mapping {unknown}
Potions
 d - a potion of agility {unknown}
 h - a potion of degeneration
 i - 2 potions of lignification {unknown}
 j - 2 potions of haste {unknown}
 o - a potion of magic {unknown}
 p - 2 potions of curing {unknown}
 r - a potion of flight {unknown}
Comestibles
 f - 6 rations
 g - 2 chunks of flesh


   Skills:
 - Level 7.0(12.0) Fighting
 - Level 7.1(12.1) Maces & Flails
 - Level 4.0(9.0) Armour
 - Level 4.0(9.0) Shields
 + Level 4.5 Invocations


You had 7 spell levels left.
You didn't know any spells.
Your spell library contained the following spells:

 Spells                   Type           Power        Failure   Level  Hunger
 Summon Small Mammal      Summ           #...         94%         1    ##.....
 Call Imp                 Summ           #.......     98%         2    ###....
 Call Canine Familiar     Summ           #.......     100%        3    ####...
 Summon Guardian Golem    Hex/Summ       #.......     100%        3    ####...
 Summon Ice Beast         Ice/Summ       #.......     100%        4    #####..
 Summon Lightning Spire   Summ/Air       #.......     100%        4    #####..


Dungeon Overview and Level Annotations

Branches:
Dungeon (6/15)
 Temple: D:4-7

Altars:
Ashenzari
Cheibriados
Dithmenos
Fedhas
Gozag
Okawaru


Innate Abilities, Weirdness & Mutations

You are resistant to torment.
Your stone body is resilient. (AC +5)
You are immune to poison.
You resist negative energy. (rN+)
You are resistant to electric shocks. (rElec)
You can survive without breathing.
You are immune to petrification.
You are immune to rotting.


Message History

Unknown command.
Unknown command.
You hit the steam dragon.
Lightning courses through the steam dragon!
You kill the steam dragon!
Okawaru accepts your kill.
The steam dragon scales are intact enough to wear.
Base training target 7.0 for Maces & Flails reached!
Your base Maces & Flails skill increases to level 7!
Unknown command.
You closely miss the steam dragon. The steam dragon barely misses you.
You block the steam dragon's attack.
Unknown command.
Unknown command.
It was a potion of degeneration.
There was something very wrong with that liquid.
You feel weakened.
You feel dopey.
You feel clumsy. The steam dragon breathes steam at you.
The ball of steam hits you!
You die...

####......########.....[
##..##......#### .....
#..#######.....# #...
#.## ######.## .. #.#
####≈≈≈≈### #
#.###≈≈≈.....# ####
#.##≈≈...# #...
#.##≈.⌠[D# #...
#.##...@.# #####...
#.###..†#########.......
#.# ##.##..#............
#.# #...##..........(.)(
#.# #....#.........#####
#.# #.##.........### #
#.# #.# ##.#.....# #.#
#.# #.##..<## #.# #.#
.###.#


You could see a steam dragon.

Vanquished Creatures
  2 steam dragons (D:6)
  An ice beast (D:6)
  2 centaurs (D:6)
  2 ogres
  A bullfrog (D:6)
  A scorpion (D:6)
  A howler monkey (D:4)
  A crimson imp (D:6)
  2 jellies
  Crazy Yiuf (D:3)
  2 orc priests
  3 orc wizards
  A bullfrog skeleton (D:5)
  4 gnolls
  7 adders
  3 shadow imps
  An adder skeleton (D:4)
  4 worms (D:2)
  3 dart slugs
  4 leopard geckos
  10 orcs
  3 giant cockroaches
  5 goblins
  9 hobgoblins
  8 jackals
  7 kobolds
  A quokka (D:4)
  A ball python (D:2)
  A ball python skeleton (D:4)
  4 bats
  7 frilled lizards
  A leopard gecko skeleton (D:4)
  A leopard gecko zombie (D:6)
  2 quokka skeletons
  6 rats
112 creatures vanquished.

Notes
Turn   | Place    | Note
-------+----------+-------------------------------------------
     0 | D:1      | Napalmbreeze the Gargoyle Fighter began the quest for the
                  | Orb.
     0 | D:1      | Reached XP level 1. HP: 14/14 MP: 1/1
   141 | D:1      | Reached XP level 2. HP: 17/19 MP: 2/2
   659 | D:1      | Reached XP level 3. HP: 23/23 MP: 3/3
  1264 | D:2      | Found a snail-covered altar of Cheibriados.
  1328 | D:2      | Reached XP level 4. HP: 29/29 MP: 4/4
  1932 | D:3      | Reached XP level 5. HP: 29/33 MP: 5/5
  2284 | D:3      | Found a runed translucent door.
  2285 | D:3      | Noticed Crazy Yiuf
  2294 | D:3      | Killed Crazy Yiuf
  2894 | D:4      | Reached skill level 5 in Fighting
  2894 | D:4      | Reached XP level 6. HP: 40/40 MP: 6/6
  3534 | D:5      | Entered Level 5 of the Dungeon
  3933 | D:5      | Reached XP level 7. HP: 35/45 MP: 7/7
  3945 | D:5      | Found an opulent altar of Gozag.
  3945 | D:5      | Found a blossoming altar of Fedhas.
  3950 | D:5      | Found a faded altar of an unknown god.
  3952 | D:5      | Found an iron altar of Okawaru.
  3953 | D:5      | Found a faded altar of an unknown god.
  3983 | D:5      | Reached skill level 5 in Maces & Flails
  4592 | D:5      | Became a worshipper of Warmaster Okawaru
  4620 | D:6      | Reached skill level 1 in Invocations
  4661 | D:6      | Found a shattered altar of Ashenzari.
  4677 | D:6      | Found a shadowy altar of Dithmenos.
  4697 | D:6      | Reached XP level 8. HP: 32/53 MP: 9/9
  4967 | D:6      | Reached * piety under Okawaru
  5128 | D:6      | Killed from afar by a steam dragon

Levels and vault maps discovered:
D:1:      dpeg_arrival_simpleton_c, layout_basic, kennysheep_pointless_box
D:2:      layout_rooms, first_ration, kennysheep_slug_shrine
D:3:      layout_basic, kennysheep_cluttered_room, uniq_crazy_yiuf_cottage
D:4:      layout_basic
D:5:      layout_basic, chequers_temple_overflow_minitemple, uniq_sigmund
D:6:      cheibrodos_steamvent, layout_rooms, grunt_dithmenos_smoke, tso_altar,
          nicolae_ashenzari_panopticon

Skill      XL: |  1  2  3  4  5  6  7  8 |
---------------+-------------------------+-----
Armour         | 4 |  4.0
Fighting       | 4 5 7 |  7.0
Shields        | 4 |  4.0
Maces & Flails | 3 4 5 7 |  7.1
Invocations    | 2 4 |  4.5

Action                   |  1- 3 |  4- 6 |  7- 9 || total
-------------------------+-------+-------+-------++-------
Melee: Flail             |   122 |   250 |       ||   372
       Whip              |       |     4 |    84 ||    88
Invok: Heroism           |       |       |     1 ||     1
  Use: Potion            |       |       |     2 ||     2
  Eat: Chunk             |     1 |     9 |     1 ||    11
       Ration            |       |       |     1 ||     1
Armor: Scale mail        |    71 |   114 |    31 ||   216
Dodge: Dodged            |    44 |    65 |    22 ||   131
Block: Shield            |    73 |   158 |    70 ||   301
       Reflection        |       |       |     5 ||     5

Table legend:
 A = Non-vault XP
 B = Vault XP
 C = Vault XP percentage of total XP
 D = Non-vault monster count
 E = Vault monster count
 F = Vault count percentage of total count
                 A         B        C        D         E       F
            +---------+---------+-------+---------+---------+-------
      Total |    1541 |     416 |  21.3 |     108 |       4 |   3.6
            +---------+---------+-------+---------+---------+-------
        D:1 |      64 |       0 |   0.0 |      30 |       0 |   0.0
        D:2 |      87 |       4 |   4.4 |      21 |       1 |   4.5
        D:3 |      41 |      41 |  50.0 |      11 |       1 |   8.3
        D:4 |     218 |       0 |   0.0 |      19 |       0 |   0.0
        D:5 |     287 |       0 |   0.0 |      11 |       0 |   0.0
        D:6 |     844 |     371 |  30.5 |      16 |       2 |  11.1
            +---------+---------+-------+---------+---------+-------
